 Dungeon Crawl Stone Soup version 0.30.1-11-g7821555f0a (webtiles) character file.

Game seed: 5408865712943118807

571 GordonOverkill the Covert (level 7, -1/36 HPs)
             Began as a Spriggan Delver on Jan 17, 2024.
             Slain by an adder (3 damage)
             ... on level 4 of the Dungeon.
             The game lasted 00:08:40 (1792 turns).

GordonOverkill the Covert (Spriggan Delver)         Turns: 1792, Time: 00:08:40

Health: -1/36      AC:  2    Str:  8    XL:     7   Next: 11%
Magic:  12/12      EV: 17    Int: 14    God:
Gold:   11         SH:  0    Dex: 16    Spells: 12/12 levels left

rFire   . . .        h - +1 short sword (drain)
rCold   . . .        (no shield)
rNeg    . . .        b - +0 robe
rPois   .            (helmet restricted)
rElec   .            (no cloak)
rCorr   .            (gloves unavailable)
SInv    +            (boots unavailable)
Will    +....        (no amulet)
Stlth   ++           (no ring)
HPRegen 0.26/turn    (no ring)
MPRegen 0.13/turn

%: no passive effects
@: slow
A: very small, no large weapons, unfitting armour, see invisible, speed 3
a: no special abilities


You were on level 4 of the Dungeon.
You visited 1 branch of the dungeon, and saw 5 of its levels.
You also visited: Sewer.

You collected 11 gold pieces.

Inventory:

Hand Weapons
 h - a +1 short sword of draining (weapon)
Armour
 b - a +0 robe (worn)
Wands
 g - a wand of digging (10)
Scrolls
 c - a scroll of fog
 d - a scroll of magic mapping


   Skills:
 - Level 3.0 Fighting
 - Level 3.0 Short Blades
 - Level 3.0 Dodging
 - Level 8.0 Stealth
 - Level 3.0 Spellcasting
 + Level 4.4 Conjurations


You had 12 spell levels left.
You didn't know any spells.
Your spell library was empty.

Dungeon Overview and Level Annotations

Branches:
Dungeon (8/15)              Sewer (visited)
 Temple: D:4-7         Lair: D:8-11

Altars:
Elyvilon


Innate Abilities, Weirdness & Mutations

You are very small and have problems with some larger weapons.
You are too small for most types of armour.
You have supernaturally acute eyesight. (SInv)
You cover ground extremely quickly. (Speed+++)


Message History

As you read the scroll labelled TOMANWIASA, it crumbles to dust.
It is a scroll of enchant weapon.
Your +0 short sword of draining glows red for a moment.
You feel sick.
The giant cockroach completely misses you.
The giant cockroach splashes around in the water.
The giant cockroach barely misses you.
You enter the shallow water.
Moving in this stuff is going to be slow.
You feel sick.
You feel sick.
You aren't carrying any potions.
You closely miss the giant cockroach.
You feel sick.
You are no longer poisoned.
You closely miss the giant cockroach. The giant cockroach bites you.
* * * LOW HITPOINT WARNING * * *
The giant cockroach splashes around in the water.
You hit the giant cockroach but do no damage.
The giant cockroach bites you but does no damage.
The giant cockroach misses you. The adder closely misses you.
You hit the adder. You drain the adder.
The adder is severely wounded.
The giant cockroach closely misses you.
The giant cockroach bites you but does no damage.
The adder barely misses you.
You closely miss the adder.
The adder is severely wounded.
The giant cockroach closely misses you. The adder bites you.
* * * LOW HITPOINT WARNING * * *
The giant cockroach barely misses you.
You closely miss the adder.
The adder is severely wounded.
The giant cockroach bites you but does no damage.
The giant cockroach misses you.
You hit the adder.
The adder is lightly wounded.
The giant cockroach misses you. The adder misses you.
The giant cockroach splashes around in the water.
You barely miss the adder. The adder bites you.
You die...

*,**********.$.,,,,*#...#*~~~~**~
,,,,,* *#.#*****#...#*,~~~~~*
,,,,,* #.# #...#*~P~~~~*
,,,,,**** #.# #...#..P~,,~~
,,,,,,,,* #.## ####.....#***~~,
,,,,,**,*####..###....#**,*****,,
,,,,,*#,*#..........#.# *,,,,,,,,
,,,,,*#.*#.#######.##.###.#***,,*
*,****#.##)#~~SB@#.##.....# *,**
,,* #....'~~.BS#.##.#.### *,**
*** #.#..#~~~~S#.##.#.# *,**
#,##.#######.##.#,#*****,**
*,*#.........##.#..,,,,,,**
*,*###.########.#.#********
*******,* #.# #)#.# *
,,,,,,,,***#.########.#.# *
,,,,,,,,,,,#............# *


You could see 3 adders and 2 giant cockroaches.

Vanquished Creatures
  A water moccasin (D:6)
  2 ogres
  3 killer bees
  A jelly (D:6)
  A hound (D:7)
  An orc priest (D:6)
  An iguana (D:6)
  An orc wizard (D:6)
  An adder (D:6)
  A river rat (Sewer)
  4 orcs
  A jackal (Sewer)
  2 kobolds (Sewer)
  3 rats (Sewer)
23 creatures vanquished.

Notes
Turn   | Place    | Note
-------+----------+-------------------------------------------
     0 | D:5      | GordonOverkill the Spriggan Delver began the quest for the
                  | Orb.
     0 | D:5      | Reached XP level 1. HP: 11/11 MP: 2/2
     1 | D:6      | Noticed an iguana
     2 | D:6      | Killed an iguana
     3 | D:6      | Reached XP level 2. HP: 16/16 MP: 3/6
    41 | D:6      | Found a white marble altar of Elyvilon.
    51 | D:6      | Reached XP level 3. HP: 20/20 MP: 6/8
    79 | D:6      | Reached skill level 1 in Conjurations
    79 | D:6      | Reached XP level 4. HP: 24/24 MP: 9/9
   114 | D:6      | Noticed a water moccasin
   115 | D:6      | Killed a water moccasin
   116 | D:6      | Reached XP level 5. HP: 28/28 MP: 10/10
   386 | D:6      | Noticed a water moccasin
   564 | D:8      | Reached XP level 6. HP: 32/32 MP: 11/11
   570 | D:8      | Reached skill level 8 in Stealth
  1195 | D:7      | Noticed an orc warrior
  1249 | D:6      | Noticed an ice beast
  1256 | D:6      | Noticed an orc warrior
  1451 | D:4      | Found a glowing drain.
  1478 | D:4      | Reached XP level 7. HP: 36/36 MP: 12/12
  1518 | Sewer    | Entered a sewer
  1789 | D:4      | HP: 1/36 [adder (2)]
  1792 | D:4      | Slain by an adder

Illustrated notes

Levels and vault maps discovered:
D:4:      layout_loops_ring, gup_sewer_entry_glass, serial_bayou_lagoon_a,
          guppyfry_early_orc_mine, uniq_edmund
D:5:      layout_loops_ring, minmay_temple_entry_gardened_gates, st_stairs_11,
          uniq_ijyb, uniq_duvessa, uniq_eustachio
D:6:      layout_loops_ring, mainiacjoe_overflow_24_doors, minivault_22,
          uniq_sigmund
D:7:      layout_basic, grunt_ministairs_10, nzn_random_ring
D:8:      layout_basic

Skill      XL: |  1  2  3  4  5  6 |
---------------+-------------------+-----
Fighting       | 3 |  3.0
Spellcasting   | 2 3 |  3.0
Conjurations   | 1 2 3 4 |  4.4
Short Blades   | 3 |  3.0
Dodging        | 3 |  3.0
Stealth        | 8 |  8.0

Action                     |  1- 3 |  4- 6 |  7- 9 || total
---------------------------+-------+-------+-------++-------
  Melee: Short sword       |     3 |    90 |    45 ||   138
         Punch             |       |     2 |       ||     2
    Use: Scroll            |       |     2 |     2 ||     4
         Potion            |       |       |     4 ||     4
   Stab: Sleeping          |     3 |     4 |     1 ||     8
         Distracted        |       |     1 |       ||     1
 Armour: Robe              |       |     5 |     6 ||    11
  Dodge: Dodged            |       |    56 |    66 ||   122
